 Dungeon Crawl Stone Soup version 0.31.0-32-g396128a36d (webtiles) character file.

Game seed: 1184581056157256370

4439 spaghetti the Ducker (level 10, -1/77 HPs)
             Began as a Demonspawn Necromancer on Mar 22, 2024.
             Was a Follower of Kikubaaqudgha.
             Slain by Joseph
             ... wielding a +0 quarterstaff
              (13 damage)
             ... on level 8 of the Dungeon.
             The game lasted 00:15:43 (8224 turns).

spaghetti the Ducker (Demonspawn Necromancer)       Turns: 8224, Time: 00:15:44

Health: -1/77      AC:  7    Str:  9    XL:     10   Next: 14%
Magic:  12/30      EV: 15    Int: 20    God:    Kikubaaqudgha [*.....]
Gold:   471        SH:  0    Dex: 13    Spells: 14/23 levels left

rFire   . . .        c - staff of Freehold {rN+ MP+9 Necro}
rCold   . . .        (no shield)
rNeg    + . .        t - +0 robe of Fionkiv {+Inv Will- Regen+ Archmagi}
rPois   .            (helmet restricted)
rElec   .            l - scarf {harm}
rCorr   .            (no gloves)
SInv    .            j - +2 pair of boots
Will    .....        (no amulet)
Stlth   +++          (no ring)
HPRegen 1.12/turn    (no ring)
MPRegen 0.22/turn

%: harm (+30% outgoing, +20% incoming), archmagi
@: lethally poisoned (-1 -> -1), mesmerised, slowed, very slow
A: horns 2, molten scales 1, powered by death 1, demonic magic 2
a: Renounce Religion, Evoke Invisibility, Unearth Wretches


You were on level 8 of the Dungeon.
You worshipped Kikubaaqudgha.
Kikubaaqudgha was aware of your devotion.
You visited 2 branches of the dungeon, and saw 9 of its levels.

You collected 471 gold pieces.

Inventory:

Hand Weapons
 e - a +3 whip of draining
Armour
 j - a +2 pair of boots (worn)
 l - a scarf of harm (worn)
 t - the +0 robe of Fionkiv (worn) {+Inv Will- Regen+ Archmagi}
   (You found it on level 5 of the Dungeon)

   Will-:     It decreases your willpower.
   +Inv:      It lets you turn invisible.
   Regen+:    It increases your rate of health regeneration.
   Archmagi:  It increases the power of your magical spells.
Magical Staves
 c - the staff of Freehold (weapon) {rN+ MP+9 Necro}
   (You acquired it on level 1 of the Dungeon)

   [staff of death]

   Base accuracy: +5 Base damage: 5 Base attack delay: 1.2 This weapon's minimum
   attack delay (0.6) is reached at skill level 12.
   rN+:       It protects you from negative energy.
   MP+9:      It affects your magic capacity (+9).
   Necro:     It increases the power of your Necromancy spells.
   It falls into the 'Staves' category.
   It is a one-handed weapon.
Wands
 q - a wand of mindburst (4)
 u - a wand of flame (17)
 v - a wand of roots (4)
Scrolls
 a - a scroll of enchant armour
 b - 2 scrolls of vulnerability
 d - 2 scrolls of teleportation
 g - 3 scrolls of poison
 i - 2 scrolls of immolation
 m - a scroll of amnesia
 o - a scroll of brand weapon
 p - a scroll of enchant weapon
 s - a scroll of silence
Potions
 f - a potion of magic
 h - a potion of attraction
 k - 3 potions of enlightenment
 n - a potion of might
 r - a potion of resistance
 w - a potion of curing
 A - a potion of lignification


   Skills:
 + Level 6.7 Fighting
 + Level 7.4 Dodging
 - Level 5.0 Stealth
 + Level 7.4 Spellcasting
 + Level 7.3 Necromancy


You had 14 spell levels left.
You knew the following spells:

 Your Spells              Type           Power      Damage    Failure   Level
a - Necrotise             Necr           100%       1d9       1%          1
b - Foxfire               Conj/Fire      44%        2x1d6     9%          1
c - Animate Dead          Necr           70%        N/A       4%          4
d - Fugue of the Fallen   Necr           70%        N/A       1%          3

Your spell library contained the following spells:

 Spells                   Type           Power      Damage    Failure   Level
 Kiss of Death            Conj/Necr      100%       2d13      1%          1
 Sublimation of Blood     Necr           70%        N/A       1%          2
 Vampiric Draining        Necr           70%        2d11      1%          3
 Cigotuvi's Dreadful Rot  Necr/Alch/Air  76%        N/A       4%          2
 Shock                    Conj/Air       44%        1d5       9%          1
 Sting                    Conj/Alch      44%        1d5       9%          1
 Curse of Agony           Necr           70%        N/A       12%         5
 Jinxbite                 Hex            22%        N/A       14%         2
 Anguish                  Hex/Necr       24%        N/A       21%         4
 Dazzling Flash           Conj/Hex       22%        N/A       26%         3
 Ozocubu's Armour         Ice            11%        N/A       26%         3
 Manifold Assault         Tloc           11%        N/A       65%         4
 Yara's Violent Unravell  Hex/Alch       5%         3d4       94%         5
 Plasma Beam              Fire/Air       5%         2x1d16    100%        6
 Starburst                Conj/Fire      5%         6d4       100%        6
 Enfeeble                 Hex            5%         N/A       100%        7


Dungeon Overview and Level Annotations

Branches:
Dungeon (8/15)             Temple (1/1) D:6
   Lair: D:8-11

Altars:
Ashenzari
Cheibriados
Dithmenos
Fedhas
Gozag
Hepliaklqana
Kikubaaqudgha
Makhleb
Nemelex Xobeh
Okawaru
Qazlal
Ru
Sif Muna
Trog
Uskayaw
Vehumet
Wu Jian
Xom
Yredelemnul

Shops:
D:6 [

Annotations:
D:8 exclusion: 2 oklob saplings, Joseph, Maggie


Innate Abilities, Weirdness & Mutations

You have a pair of horns on your head.
You are partially covered in molten scales. (AC +2)
You regenerate a little health from kills.
Spells you cast may paralyse nearby enemies.


Message History

Aiming: Necrotise (safe; 1% risk of failure)
Press: ? - help, Shift-Dir - straight line, f/p - Joseph
Aim: Joseph, wielding a +0 quarterstaff, wearing a +0 ring mail and carrying a wand of polymorph (severely wounded, chance to affect: 70%)
You feel a strong surge of power!
Joseph struggles to resist.
Malevolent energies surge around you.
You feel very sick.
The hornet stings you but does no damage.
Maggie casts a spell.
Maggie draws you further into her thrall.
The hornet stings you but does no damage.
Joseph closely misses you. Maggie misses you.
Casting: Necrotise (safe; 1% risk of failure)
Confirm with . or Enter, or press ? or * to list all spells.
Aiming: Necrotise (safe; 1% risk of failure)
Press: ? - help, Shift-Dir - straight line, f/p - Joseph
Aim: Joseph, wielding a +0 quarterstaff, wearing a +0 ring mail and carrying a wand of polymorph (severely wounded, chance to affect: 70%)
You feel a strong surge of power!
Joseph writhes in agony.
Malevolent energies surge around you.
You feel yourself speed up.
You feel very sick.
The hornet stings you but does no damage.
Joseph closely misses you. The hornet completely misses you.
Maggie zaps a wand.
The puff of flame hits you! The hornet stings you!
You feel yourself slow down. Joseph hits you with a +0 quarterstaff!
Casting: Necrotise (safe; 1% risk of failure)
Confirm with . or Enter, or press ? or * to list all spells.
Aiming: Necrotise (safe; 1% risk of failure)
Press: ? - help, Shift-Dir - straight line, f/p - Joseph
Aim: Joseph, wielding a +0 quarterstaff, wearing a +0 ring mail and carrying a wand of polymorph (almost dead, chance to affect: 70%)
You feel a strong surge of power!
Joseph writhes in agony.
Malevolent energies surge around you.
You feel very sick. The hornet stings you!
* * * LOW HITPOINT WARNING * * *
You feel as though you will be slow longer.
Maggie hits you but does no damage.
Joseph says, "I've waited for this moment for such a long time."
Joseph hits you with a +0 quarterstaff!
You die...
Kikubaaqudgha rasps: "You have failed me!
Welcome... death!"

**,**,,,,,*
**,,,............
**,,...,**
**,,............ *,,....*
*,,............ **,....#*
**,............ ***
*,.....#* **............
,,* ***,......#*
*#........... ,,*
*,,,.......* *#.......###
,,**
*,,,.....)@############..#
,,,*
**,,.....)@@)...........##
,,,*
**,......y.##########...##
,,** **.......## *#..#..##
,** *,.......* #...###.#
** **,..<..##* #.P≈~,###
*******,,.....* *#.≈~≈~#!.
,,,,,,,,,....,* *..^.≈~≈≈≈
,,,,,,,,,....** #..♣≈≈≈P~≈
,,,,,,>,,,,,,* *,,*****♣~


You could see Joseph, Maggie (mesmerising) and a hornet.

Vanquished Creatures
  Jeremiah (D:7)
  Grinder (D:3)
  6 yaks (D:8)
  2 wyverns
  A water moccasin (D:7)
  An ice beast (D:6)
  2 black bears
  An orc warrior (D:8)
  A centaur (D:7)
  A phantom (D:4)
  A kobold brigand (D:6)
  3 bullfrogs (D:7)
  3 scorpions
  A killer bee (D:7)
  A howler monkey (D:8)
  A bombardier beetle (D:6)
  5 crimson imps (D:7)
  2 jellies
  An orc priest (D:8)
  3 hounds
  A gnoll bouda (D:4)
  7 orc wizards
  5 iguanas
  Natasha (twice) (D:3)
  13 adders
  11 gnolls
  2 shadow imps (D:7)
  3 white imps (D:7)
  2 ufetubi
  3 dart slugs
  5 ribbon worms
  24 orcs
  12 ball pythons
  8 endoplasms
  5 giant cockroaches
  32 hobgoblins
  4 jackals
  2 quokkas (D:4)
  4 bats
  3 frilled lizards
  27 goblins
  13 kobolds
  2 rats
228 creatures vanquished.

Vanquished Creatures (collateral kills)
  2 yaks (D:8)
  An ogre (D:4)
  A jelly (D:7)
  2 gnolls (D:3)
  A white imp (D:5)
  An ufetubus (D:6)
  2 orcs
  3 goblins (D:3)
  A hobgoblin (D:3)
  A jackal (D:8)
  A ball python (D:8)
  2 kobolds (D:6)
18 creatures vanquished.

Vanquished Creatures (others)
  A wyvern zombie (D:7)
  An adder zombie (D:8)
  4 ball python zombies (D:8)
  7 orc zombies
  5 foxfires
18 creatures vanquished.

Grand Total: 264 creatures vanquished

Notes
Turn   | Place    | Note
-------+----------+-------------------------------------------
     0 | D:1      | spaghetti the Demonspawn Necromancer began the quest for
                  | the Orb.
     0 | D:1      | Reached XP level 1. HP: 13/13 MP: 3/3
   292 | D:1      | Found a faded altar of an unknown god.
   341 | D:1      | Gained mutation: You regenerate a little health from kills.
                  | [demonic ancestry]
   341 | D:1      | Reached XP level 2. HP: 7/19 MP: 5/5
   468 | D:1      | Identified a scroll of acquirement
   481 | D:1      | Acquired the staff of Freehold {rN+ MP+9 Necro}
   965 | D:2      | Gained mutation: Spells you cast may paralyse adjacent
                  | enemies. [demonic ancestry]
   965 | D:2      | Reached XP level 3. HP: 24/24 MP: 6/6
  1053 | D:2      | Found an opulent altar of Gozag.
  1279 | D:2      | Reached XP level 4. HP: 30/30 MP: 7/7
  1480 | D:2      | Reached skill level 5 in Necromancy
  2045 | D:3      | Gained mutation: You are partially covered in molten
                  | scales. (AC +2) [demonic ancestry]
  2045 | D:3      | Reached XP level 5. HP: 31/35 MP: 9/9
  2382 | D:3      | Noticed Grinder
  2398 | D:3      | Killed Grinder
  2399 | D:3      | Gained mutation: You have a pair of small horns on your
                  | head. [demonic ancestry]
  2399 | D:3      | Reached XP level 6. HP: 12/41 MP: 11/11
  2821 | D:3      | Noticed Natasha
  2826 | D:3      | Killed Natasha
  2906 | D:3      | Noticed Natasha
  2911 | D:3      | Killed Natasha
  3547 | D:4      | Reached XP level 7. HP: 47/47 MP: 13/13
  3550 | D:4      | Reached skill level 1 in Fighting
  4455 | D:4      | Got Soakuok's Lectures on Evil Fulmination
  4723 | D:5      | Entered Level 5 of the Dungeon
  4918 | D:5      | Reached skill level 5 in Stealth
  5131 | D:5      | Identified the +0 robe of Fionkiv {+Inv Will- Regen+
                  | Archmagi}
  5171 | D:5      | Noticed an angel
  5240 | D:5      | Gained mutation: You have a pair of horns on your head.
                  | [demonic ancestry]
  5240 | D:5      | Reached XP level 8. HP: 57/57 MP: 15/15
  5281 | D:5      | Reached skill level 5 in Dodging
  5281 | D:5      | Reached skill level 5 in Spellcasting
  5425 | D:6      | Learned a level 1 spell: Foxfire
  5430 | D:6      | Learned a level 4 spell: Animate Dead
  5449 | D:6      | Found a staircase to the Ecumenical Temple.
  5773 | D:6      | Found Ucamec's Armour Boutique.
  6188 | Temple   | Entered the Ecumenical Temple
  6294 | Temple   | Became a worshipper of Kikubaaqudgha
  6430 | D:7      | Learned a level 3 spell: Fugue of the Fallen
  6556 | D:7      | Reached XP level 9. HP: 67/67 MP: 18/18
  6814 | D:7      | Reached skill level 5 in Fighting
  7060 | D:7      | Noticed Jeremiah
  7114 | D:7      | Killed Jeremiah
  7921 | D:8      | HP: 1/70 [yak (18)]
  7931 | D:8      | Gained mutation: Spells you cast may paralyse nearby
                  | enemies. [demonic ancestry]
  7931 | D:8      | Reached XP level 10. HP: 15/77 MP: 19/20
  8049 | D:8      | Reached * piety under Kikubaaqudgha
  8049 | D:8      | Received a gift from Kikubaaqudgha
  8200 | D:8      | Noticed Joseph
  8203 | D:8      | Noticed Maggie
  8224 | D:8      | Slain by Joseph

Illustrated notes

Levels and vault maps discovered:
D:1:      minmay_arrival_split_and_join, layout_rooms,
          shapermc_ecumenical_altar_flowoftime
D:2:      cheibrodos_helix_gallery, layout_loops_ring, basic_altar,
          minmay_tall_x
D:3:      minmay_goblin_kobold_castle, layout_basic,
          mainiacjoe_sewer_entry_somewhere_in_here_2, uniq_grinder, uniq_natasha
D:4:      layout_basic
D:5:      minmay_spotlight, layout_rooms, zin_angel
D:6:      layout_loops_ring, minmay_temple_entry_mini_moons, serial_shops, shop
D:7:      layout_loops_ring, st_stairs_11, minmay_nine_imps, uniq_jeremiah
D:8:      layout_cave_pods, introduction_to_nature_1, uniq_joseph, uniq_maggie
Temple:   compressed_dpeg_triangle_lava_temple

Skill      XL: |  1  2  3  4  5  6  7  8  9 |
---------------+----------------------------+-----
Dodging        | 2 3 4 6 7 |  7.4
Stealth        | 2 3 4 5 |  5.0
Necromancy     | 5 7 |  7.3
Spellcasting   | 3 4 6 7 |  7.4
Fighting       | 2 4 6 |  6.7

Action                     |  1- 3 |  4- 6 |  7- 9 | 10-12 || total
---------------------------+-------+-------+-------+-------++-------
  Melee: Whip              |    16 |       |       |       ||    16
         Unarmed           |     7 |       |       |       ||     7
         Punch             |     1 |       |     3 |       ||     4
         Staff             |     6 |    21 |   229 |     6 ||   262
         Headbutt          |       |       |    47 |     1 ||    48
   Cast: Necrotise         |    44 |   161 |   245 |    51 ||   501
         Animate Dead      |       |       |     6 |     1 ||     7
         Fugue of the Fall |       |       |     6 |       ||     6
         Foxfire           |       |       |     4 |       ||     4
  Evoke: Wand              |       |     6 |    10 |     2 ||    18
    Use: Potion            |     1 |     3 |     6 |     1 ||    11
         Scroll            |     2 |     2 |    11 |       ||    15
   Stab: Sleeping          |     3 |       |     2 |       ||     5
         Paralysed         |       |       |     6 |       ||     6
 Armour: Robe              |    11 |    45 |   220 |    26 ||   302
         Skin              |       |       |     4 |       ||     4
  Dodge: Dodged            |    27 |    67 |   291 |    28 ||   413
